 Dungeon Crawl Stone Soup version 0.29.1 (webtiles) character file.

Game seed: 3973000067314498567

13176 qw the Cleaver (level 11, 0/94 HPs)
             Began as a Minotaur Berserker on Sept 13, 2022.
             Was an Elder of Trog.
             Killed from afar by an electric eel (11 damage)
             ... with a bolt of electricity
             ... on level 2 of the Lair of Beasts.
             The game lasted 00:03:16 (12010 turns).

qw the Cleaver (Minotaur Berserker)                Turns: 12010, Time: 00:03:16

Health: 0/94       AC: 19    Str: 31    XL:     11   Next: 72%
Magic:  10/10      EV:  7    Int:  4    God:    Trog [****..]
Gold:   677        SH: 18    Dex: 11    Spells: 10/10 levels left

rFire   . . .      SeeInvis .   Y - +2 broad axe (drain)
rCold   . . .      Faith    .   a - +1 tower shield {AC+3}
rNeg    . . .      Spirit   .   i - +0 plate armour
rPois   +          Reflect  .   (helmet restricted)
rElec   .          Harm     .   d - +2 cloak
rCorr   .          Rampage  .   (no gloves)
Will    .....                   (no boots)
Stlth   ..........              (no amulet)
HPRegen 0.25/turn               e - ring of poison resistance
MPRegen 0.12/turn               n - +6 ring of strength

@: about to teleport, on berserk cooldown, slowed, very slow
A: horns 2, retaliatory headbutt
a: Renounce Religion, Berserk, Trog's Hand, Brothers in Arms


You were on level 2 of the Lair of Beasts.
You worshipped Trog.
Trog was greatly pleased with you.
You visited 2 branches of the dungeon, and saw 12 of its levels.

You collected 677 gold pieces.


Innate Abilities, Weirdness & Mutations

You have a pair of horns on your head.
You reflexively headbutt those who attack you in melee.


   Skills:
 - Level 8.2 Fighting
 + Level 14.2 Axes
 - Level 3.2 Throwing
 - Level 7.5 Armour
 - Level 4.1 Dodging
 - Level 13.5 Shields


You had 10 spell levels left.
You didn't know any spells.
Your spell library was empty.

Inventory:

Hand Weapons
 k - a +0 flail
 Y - a +2 broad axe of draining (weapon)
Missiles
 f - 7 boomerangs
 j - 3 javelins (quivered)
Armour
 a - a +1 tower shield of protection (worn)
 d - a +2 cloak (worn)
 i - a +0 plate armour (worn)
Jewellery
 e - a ring of poison resistance (left hand)
 g - a ring of positive energy
 h - a ring of fire
 n - a +6 ring of strength (right hand)
 r - a ring of ice
Scrolls
 m - a scroll of identify
 s - a scroll of noise {unknown}
Potions
 b - 4 potions of curing
 c - 4 potions of heal wounds
 l - a potion of haste
 o - 3 potions of might
 p - a potion of mutation

Dungeon Overview and Level Annotations

Branches:
Dungeon (10/15)            Temple (0/1) D:5            Lair (2/5) D:10
    Orc (0/2) D:9
  Swamp: Lair:2-3    Shoals: Lair:2-3     Snake: Lair:2-3    Spider: Lair:2-3

Altars:
Dithmenos
Makhleb
The Shining One


Message History

The bolt of electricity hits the electric eel.
The electric eel completely resists.
The bolt of electricity hits you. x2
Found a scale mail.
You slice the electric eel!!
You kill the electric eel!
Trog accepts your kill.
The electric eel shoots out a bolt of lightning at you!
The bolt of electricity misses you.
You are no longer berserk.
You are exhausted.
You feel yourself slow down.
You miss the electric eel.
The electric eel shoots out a bolt of lightning at you!
The bolt of electricity hits you.
You barely miss the electric eel.
The electric eel shoots out a bolt of lightning at you!
The bolt of electricity hits you.
You barely miss the electric eel. Your headbutt misses the electric eel.
The electric eel shoots out a bolt of lightning at you!
The bolt of electricity hits you!
You miss the electric eel. You headbutt the electric eel!
The electric eel is severely wounded.
The electric eel shoots out a bolt of lightning at you!
The bolt of electricity hits you!
Your unstable footing causes you to fumble your attack.
The electric eel shoots out a bolt of lightning at you!
The bolt of electricity hits you!
You barely miss the electric eel.
The electric eel is severely wounded.
Your unstable footing causes you to fumble your attack.
The electric eel shoots out a bolt of lightning at you!
The bolt of electricity hits you!
The electric eel shoots out a bolt of lightning at you!
The bolt of electricity hits you.
12010 ||| READING scroll of teleportation.
As you read the scroll of teleportation, it crumbles to dust.
You feel strangely unstable.
The electric eel shoots out a bolt of lightning at you!
The bolt of electricity hits you!
You die...

##.....~~ #...[.~~~
#.....~~# #....~~#
##....~~# P #.....~~#
~~#### ## #....~S##
#~~~...##.
#....~@~#####~~~.......
#P....#~~~~~~~~~........
#.... ##~~~~~~~.........
.....$P#~#~##...........
##......................
# .....##.#.......P#..#
.................##P..
......#..........####P
......#..........# ##


You could see an electric eel.

Vanquished Creatures
  Fannar (D:10)
  4 two-headed ogres
  Joseph (D:8)
  4 cane toads
  Maggie (D:7)
  3 komodo dragons
  A troll (D:10)
  A hornet (D:9)
  Prince Ribbit (D:7)
  6 blink frogs
  5 yaks (D:5)
  A wyvern (D:10)
  A basilisk (Lair:1)
  A steam dragon (D:10)
  3 wargs (D:9)
  2 acid dragons (D:10)
  Duvessa (D:6)
  4 water moccasins
  An orc warrior (D:9)
  3 ice beasts
  A sky beast (D:7)
  An ogre (D:6)
  16 wolves
  A centaur (D:6)
  A phantom (D:3)
  2 kobold brigands (D:8)
  A bullfrog (Lair:2)
  A gnoll sergeant (D:6)
  3 wights (D:10)
  Dowan (D:6)
  8 killer bees
  2 electric eels (Lair:2)
  3 howler monkeys
  3 orc priests
  2 hounds
  A gnoll bouda (D:6)
  7 iguanas
  6 orc wizards
  Robin (D:2)
  8 gnolls (D:6)
  10 adders
  2 shadow imps
  4 ufetubi
  3 dart slugs
  A worm (D:3)
  18 orcs
  9 endoplasms
  2 giant cockroaches (D:5)
  12 goblins
  8 hobgoblins
  12 kobolds
  5 quokkas
  6 ball pythons
  5 bats
  3 frilled lizards
  4 rats
218 creatures vanquished.

Vanquished Creatures (others)
  7 fungi
  7 plants
14 creatures vanquished.

Grand Total: 232 creatures vanquished

Notes
Turn   | Place    | Note
-------+----------+-------------------------------------------
     0 | D:1      | qw the Minotaur Berserker began the quest for the Orb.
     0 | D:1      | Reached XP level 1. HP: 19/19 MP: 0/0
     0 | D:1      | 0 ||| qw: Version: 0.1-a-119-g272c26d
     0 | D:1      | 0 ||| qw: Game counter: 11105
     0 | D:1      | 0 ||| qw: Always use a shield: true
     0 | D:1      | 0 ||| qw: Do Orc after D:15 true
     0 | D:1      | 0 ||| qw: Do second Lair branch before Depths: true
     0 | D:1      | 0 ||| qw: Lair rune preference: random
     0 | D:1      | 0 ||| qw: Plans: Normal
     0 | D:1      | 0 ||| PLANNING D:1-11
   200 | D:1      | Reached skill level 4 in Axes
   318 | D:1      | Reached XP level 2. HP: 26/26 MP: 1/1
   318 | D:1      | 318 ||| Stepping ~*~*~tactically~*~*~ (stealth).
   359 | D:1      | Found a faded altar of an unknown god.
   593 | D:1      | 593 ||| UPGRADING to +2 cloak.
   598 | D:1      | 598 ||| UPGRADING to +0 leather armour.
   608 | D:1      | 608 ||| DROPPING +0 animal skin.
   609 | D:1      | 609 ||| UPGRADING to +0 chain mail.
   619 | D:1      | 619 ||| DROPPING +0 leather armour.
   620 | D:1      | 620 ||| READING scroll labelled FUXKEE ILUWK.
   621 | D:1      | 621 ||| DRINKING 2 golden potions.
   650 | D:2      | 650 ||| STAIRDANCE
   655 | D:2      | 655 ||| STAIRDANCE
   774 | D:2      | Reached skill level 5 in Axes
   774 | D:2      | Reached XP level 3. HP: 31/31 MP: 2/2
   857 | D:2      | Reached ** piety under Trog
   866 | D:2      | 866 ||| FLEEEEING.
   867 | D:2      | 867 ||| FLEEEEING.
   868 | D:2      | 868 ||| FLEEEEING.
   869 | D:2      | 869 ||| FLEEEEING.
   870 | D:2      | 870 ||| FLEEEEING.
   871 | D:2      | 871 ||| FLEEEEING.
   872 | D:2      | 872 ||| STAIRDANCE
   964 | D:1      | 964 ||| READING scroll labelled CUVYOH RIFESORCH.
   965 | D:1      | 965 ||| READING scroll labelled MAHELI BASHREX.
   966 | D:1      | 966 ||| READING scroll labelled OMEN PIQAS CUTS.
  1005 | D:2      | Noticed Robin
  1008 | D:2      | 1008 ||| INVOKING Berserk.
  1010 | D:2      | Killed Robin
  1011 | D:2      | Reached skill level 6 in Axes
  1011 | D:2      | Reached XP level 4. HP: 39/39 MP: 3/3
  1575 | D:3      | Noticed a phantom
  1589 | D:3      | 1589 ||| FLEEEEING.
  1590 | D:3      | 1590 ||| FLEEEEING.
  1591 | D:3      | 1591 ||| FLEEEEING.
  1592 | D:3      | 1592 ||| FLEEEEING.
  1594 | D:3      | 1594 ||| FLEEEEING.
  1595 | D:3      | 1595 ||| FLEEEEING.
  1596 | D:3      | 1596 ||| FLEEEEING.
  1597 | D:3      | 1597 ||| FLEEEEING.
  1598 | D:3      | 1598 ||| FLEEEEING.
  1599 | D:3      | 1599 ||| FLEEEEING.
  1600 | D:3      | 1600 ||| FLEEEEING.
  1601 | D:3      | 1601 ||| FLEEEEING.
  1602 | D:3      | 1602 ||| FLEEEEING.
  1603 | D:3      | 1603 ||| FLEEEEING.
  1604 | D:3      | 1604 ||| FLEEEEING.
  1605 | D:3      | 1605 ||| FLEEEEING.
  1606 | D:3      | 1606 ||| FLEEEEING.
  1607 | D:3      | 1607 ||| FLEEEEING.
  1608 | D:3      | 1608 ||| FLEEEEING.
  1610 | D:3      | 1610 ||| FLEEEEING.
  1611 | D:3      | 1611 ||| FLEEEEING.
  1612 | D:3      | 1612 ||| FLEEEEING.
  1613 | D:3      | 1613 ||| FLEEEEING.
  1614 | D:3      | 1614 ||| FLEEEEING.
  1615 | D:3      | 1615 ||| FLEEEEING.
  1616 | D:3      | 1616 ||| FLEEEEING.
  1617 | D:3      | 1617 ||| FLEEEEING.
  1618 | D:3      | 1618 ||| FLEEEEING.
  1619 | D:3      | 1619 ||| FLEEEEING.
  1621 | D:3      | 1621 ||| FLEEEEING.
  1622 | D:3      | 1622 ||| FLEEEEING.
  1623 | D:3      | 1623 ||| FLEEEEING.
  1624 | D:3      | 1624 ||| FLEEEEING.
  1627 | D:3      | 1627 ||| FLEEEEING.
  1628 | D:3      | 1628 ||| FLEEEEING.
  1629 | D:3      | 1629 ||| FLEEEEING.
  1630 | D:3      | 1630 ||| FLEEEEING.
  1633 | D:3      | 1633 ||| STAIRDANCE
  1696 | D:3      | Killed a phantom
  1697 | D:3      | Reached skill level 7 in Axes
  1697 | D:3      | Reached XP level 5. HP: 38/45 MP: 4/4
  1943 | D:3      | 1943 ||| Stepping ~*~*~tactically~*~*~ (hiding).
  2058 | D:3      | Found a shadowy altar of Dithmenos.
  2449 | D:3      | 2449 ||| READING scroll labelled XIYVUTTI ZAQY.
  2450 | D:3      | 2450 ||| READING scroll labelled HASOFO JYDUALU.
  2451 | D:3      | 2451 ||| READING scroll labelled VARIEB NUAXT.
  2452 | D:3      | 2452 ||| READING scroll labelled QASTRE ZEGH.
  2453 | D:3      | 2453 ||| DRINKING 2 bubbling yellow potions.
  2454 | D:3      | 2454 ||| DROPPING potion of attraction.
  2455 | D:3      | 2455 ||| Stepping randomly (stuck).
  2456 | D:3      | 2456 ||| Stepping ~*~*~tactically~*~*~ (cloud).
  2598 | D:4      | 2598 ||| READING scroll of brand weapon.
  2598 | D:4      | 2598 ||| BRANDING +1 hand axe of chaos.
  2649 | D:4      | 2649 ||| Stepping ~*~*~tactically~*~*~ (stealth).
  2650 | D:4      | 2650 ||| Stepping ~*~*~tactically~*~*~ (stealth).
  2665 | D:4      | 2665 ||| DROPPING +0 club.
  2916 | D:4      | Found a glowing golden altar of the Shining One.
  3147 | D:4      | 3147 ||| UPGRADING to ring of poison resistance.
  3148 | D:4      | 3148 ||| READING scroll labelled URGHI WIPLET.
  3196 | D:5      | Entered Level 5 of the Dungeon
  3197 | D:5      | 3197 ||| PLANNING SEWER
  3198 | D:5      | 3198 ||| STAIRDANCE
  3203 | D:4      | 3203 ||| DROPPING +0 whip.
  3279 | D:5      | 3279 ||| Stepping ~*~*~tactically~*~*~ (stealth).
  3285 | D:5      | Reached skill level 8 in Axes
  3285 | D:5      | Reached XP level 6. HP: 52/52 MP: 5/5
  3285 | D:5      | Reached *** piety under Trog
  3296 | D:5      | 3296 ||| Stepping ~*~*~tactically~*~*~ (stealth).
  3342 | D:5      | Found a staircase to the Ecumenical Temple.
  3408 | D:5      | Noticed an ice beast
  3413 | D:5      | 3413 ||| INVOKING Berserk.
  3416 | D:5      | Killed an ice beast
  3417 | D:5      | Reached skill level 9 in Axes
  3670 | D:5      | Reached skill level 3 in Armour
  3764 | D:5      | Reached XP level 7. HP: 60/60 MP: 6/6
  3799 | D:5      | Noticed a yak
  3799 | D:5      | Noticed a yak
  3799 | D:5      | Noticed a yak
  3800 | D:5      | Noticed a yak
  3800 | D:5      | 3800 ||| Stepping ~*~*~tactically~*~*~ (stealth).
  3802 | D:5      | Noticed a yak
  3806 | D:5      | Killed a yak
  3812 | D:5      | Killed a yak
  3813 | D:5      | 3813 ||| INVOKING Berserk.
  3814 | D:5      | Killed a yak
  3814 | D:5      | HP: 23/93 [yak (5)]
  3815 | D:5      | Reached skill level 10 in Axes
  3816 | D:5      | HP: 11/93 [yak (3)]
  3817 | D:5      | Killed a yak
  3818 | D:5      | Reached XP level 8. HP: 12/70 MP: 7/7
  3821 | D:5      | Reached skill level 6 in Fighting
  3845 | D:5      | 3845 ||| RIP SEWER
  4102 | D:5      | 4102 ||| PLANNING D:1-11
  4410 | D:5      | 4410 ||| UPGRADING to +6 ring of strength.
  4411 | D:5      | 4411 ||| READING scroll labelled CUG GYXTEE.
  4412 | D:5      | 4412 ||| DRINKING 2 murky grey potions.
  4413 | D:5      | 4413 ||| DRINKING 2 metallic golden potions.
  4414 | D:5      | 4414 ||| READING 4 scrolls of identify.
  4414 | D:5      | 4414 ||| IDENTIFYING fuming red potion
  4415 | D:5      | 4415 ||| READING 3 scrolls of identify.
  4415 | D:5      | 4415 ||| IDENTIFYING blue potion
  4416 | D:5      | 4416 ||| READING 2 scrolls of identify.
  4416 | D:5      | 4416 ||| IDENTIFYING purple potion
  4417 | D:5      | 4417 ||| DROPPING potion of brilliance.
  4418 | D:5      | 4418 ||| DROPPING potion of flight.
  4419 | D:5      | 4419 ||| DROPPING potion of lignification.
  4420 | D:5      | 4420 ||| DROPPING potion of magic.
  4467 | D:6      | Reached skill level 11 in Axes
  4468 | D:6      | 4468 ||| Stepping ~*~*~tactically~*~*~ (stealth).
  4477 | D:6      | Noticed Dowan
  4478 | D:6      | 4478 ||| Stepping ~*~*~tactically~*~*~ (stealth).
  4480 | D:6      | 4480 ||| Stepping ~*~*~tactically~*~*~ (hiding).
  4486 | D:6      | 4486 ||| INVOKING Berserk.
  4488 | D:6      | Killed Dowan
  4626 | D:6      | 4626 ||| Stepping ~*~*~tactically~*~*~ (hiding).
  4660 | D:6      | 4660 ||| Stepping ~*~*~tactically~*~*~ (hiding).
  4723 | D:6      | 4723 ||| INVOKING Berserk.
  4927 | D:6      | 4927 ||| FLEEEEING.
  4928 | D:6      | 4928 ||| FLEEEEING.
  4929 | D:6      | 4929 ||| FLEEEEING.
  4930 | D:6      | 4930 ||| FLEEEEING.
  4931 | D:6      | 4931 ||| FLEEEEING.
  4932 | D:6      | 4932 ||| FLEEEEING.
  4933 | D:6      | 4933 ||| FLEEEEING.
  4934 | D:6      | 4934 ||| FLEEEEING.
  4935 | D:6      | 4935 ||| FLEEEEING.
  4936 | D:6      | 4936 ||| FLEEEEING.
  4937 | D:6      | 4937 ||| FLEEEEING.
  4938 | D:6      | 4938 ||| FLEEEEING.
  4939 | D:6      | 4939 ||| FLEEEEING.
  4940 | D:6      | 4940 ||| FLEEEEING.
  4941 | D:6      | 4941 ||| FLEEEEING.
  4942 | D:6      | 4942 ||| FLEEEEING.
  4943 | D:6      | 4943 ||| FLEEEEING.
  4944 | D:6      | 4944 ||| FLEEEEING.
  4945 | D:6      | 4945 ||| FLEEEEING.
  4946 | D:6      | 4946 ||| FLEEEEING.
  4947 | D:6      | 4947 ||| FLEEEEING.
  4950 | D:6      | Noticed Duvessa
  4953 | D:6      | 4953 ||| INVOKING Berserk.
  4960 | D:6      | Killed Duvessa
  4961 | D:6      | Reached skill level 12 in Axes
  5287 | D:6      | 5287 ||| Stepping ~*~*~tactically~*~*~ (stealth).
  5288 | D:6      | 5288 ||| Stepping ~*~*~tactically~*~*~ (stealth).
  5295 | D:6      | 5295 ||| Stepping ~*~*~tactically~*~*~ (stealth).
  5304 | D:6      | Reached XP level 9. HP: 77/79 MP: 8/8
  5490 | D:6      | 5490 ||| SWAPPING to +0 war axe.
  5491 | D:6      | 5491 ||| DROPPING +1 spectral hand axe.
  5492 | D:6      | 5492 ||| READING 2 scrolls labelled VOANIU VOPNOL.
  5530 | D:7      | 5530 ||| Stepping ~*~*~tactically~*~*~ (stealth).
  5531 | D:7      | 5531 ||| Stepping ~*~*~tactically~*~*~ (stealth).
  5594 | D:7      | Reached **** piety under Trog
  5738 | D:7      | 5738 ||| FLEEEEING.
  5739 | D:7      | 5739 ||| FLEEEEING.
  5740 | D:7      | 5740 ||| FLEEEEING.
  5741 | D:7      | 5741 ||| FLEEEEING.
  5748 | D:7      | 5748 ||| INVOKING Berserk.
  5827 | D:7      | Found a burning altar of Makhleb.
  5827 | D:7      | Noticed Prince Ribbit
  5829 | D:7      | 5829 ||| INVOKING Berserk.
  5830 | D:7      | Killed Prince Ribbit
  5831 | D:7      | Reached skill level 13 in Axes
  5954 | D:7      | Noticed Maggie
  5955 | D:7      | 5955 ||| Stepping ~*~*~tactically~*~*~ (hiding).
  5972 | D:7      | Killed Maggie
  6034 | D:7      | 6034 ||| SWAPPING to +1 broad axe of draining.
  6035 | D:7      | 6035 ||| DROPPING +0 war axe.
  6113 | D:7      | 6113 ||| Stepping ~*~*~tactically~*~*~ (stealth).
  6280 | D:7      | 6280 ||| UPGRADING to +0 plate armour.
  6290 | D:7      | 6290 ||| DROPPING +0 chain mail.
  6291 | D:7      | 6291 ||| READING 3 scrolls of identify.
  6291 | D:7      | 6291 ||| IDENTIFYING fuming white potion
  6292 | D:7      | 6292 ||| READING 2 scrolls of identify.
  6292 | D:7      | 6292 ||| IDENTIFYING orange potion
  6293 | D:7      | 6293 ||| DROPPING potion of degeneration.
  6319 | D:8      | Noticed a two-headed ogre
  6322 | D:8      | 6322 ||| INVOKING Berserk.
  6324 | D:8      | Killed a two-headed ogre
  6473 | D:8      | 6473 ||| Stepping ~*~*~tactically~*~*~ (hiding).
  6528 | D:8      | Noticed Joseph
  6529 | D:8      | 6529 ||| Stepping ~*~*~tactically~*~*~ (hiding).
  6539 | D:8      | Killed Joseph
  6540 | D:8      | Reached XP level 10. HP: 64/88 MP: 9/9
  6706 | D:8      | 6706 ||| READING scroll of enchant weapon.
  6706 | D:8      | 6706 ||| ENCHANTING +1 broad axe of draining.
  6752 | D:8      | Noticed a two-headed ogre
  6755 | D:8      | 6755 ||| INVOKING Berserk.
  6759 | D:8      | Killed a two-headed ogre
  7047 | D:8      | Reached skill level 14 in Axes
  7259 | D:8      | 7259 ||| UPGRADING to +1 tower shield of protection.
  7264 | D:8      | 7264 ||| READING scroll labelled INNAILOLOSCH.
  7265 | D:8      | 7265 ||| READING 2 scrolls of identify.
  7265 | D:8      | 7265 ||| IDENTIFYING bubbling orange potion
  7402 | D:9      | 7402 ||| Stepping ~*~*~tactically~*~*~ (stealth).
  7404 | D:9      | 7404 ||| Stepping ~*~*~tactically~*~*~ (hiding).
  7405 | D:9      | 7405 ||| Stepping ~*~*~tactically~*~*~ (hiding).
  7549 | D:9      | 7549 ||| Stepping ~*~*~tactically~*~*~ (stealth).
  7552 | D:9      | Reached skill level 1 in Shields
  7553 | D:9      | 7553 ||| INVOKING Berserk.
  7726 | D:9      | Noticed a red ugly thing
  7741 | D:9      | Noticed a two-headed ogre
  7745 | D:9      | 7745 ||| INVOKING Berserk.
  7749 | D:9      | Killed a two-headed ogre
  7869 | D:9      | 7869 ||| Stepping ~*~*~tactically~*~*~ (stealth).
  8238 | D:9      | Found a staircase to the Orcish Mines.
  8238 | D:9      | Noticed a two-headed ogre
  8243 | D:9      | 8243 ||| INVOKING Berserk.
  8245 | D:9      | Reached skill level 6 in Shields
  8248 | D:9      | Killed a two-headed ogre
  8429 | D:9      | 8429 ||| READING scroll labelled FOSUGO WEAVIRU.
  8439 | D:10     | Entered Level 10 of the Dungeon
  8464 | D:10     | 8464 ||| INVOKING Berserk.
  8700 | D:10     | 8700 ||| Stepping ~*~*~tactically~*~*~ (stealth).
  8702 | D:10     | 8702 ||| Stepping ~*~*~tactically~*~*~ (hiding).
  8708 | D:10     | Reached skill level 9 in Shields
  8830 | D:10     | 8830 ||| Stepping ~*~*~tactically~*~*~ (hiding).
  9039 | D:10     | 9039 ||| INVOKING Berserk.
  9195 | D:10     | Reached XP level 11. HP: 79/94 MP: 10/10
  9292 | D:10     | 9292 ||| Stepping ~*~*~tactically~*~*~ (cloud).
  9294 | D:10     | 9294 ||| INVOKING Berserk.
  9389 | D:10     | Found a staircase to the Lair.
  9508 | D:10     | Noticed Fannar
  9509 | D:10     | 9509 ||| FLEEEEING.
  9510 | D:10     | 9510 ||| FLEEEEING.
  9511 | D:10     | 9511 ||| FLEEEEING.
  9512 | D:10     | 9512 ||| FLEEEEING.
  9513 | D:10     | 9513 ||| FLEEEEING.
  9532 | D:10     | 9532 ||| INVOKING Berserk.
  9539 | D:10     | HP: 27/141 [Fannar/+0 quarterstaff of freezing (30)]
  9548 | D:10     | 9548 ||| READING 2 scrolls of teleportation.
  9549 | D:10     | 9549 ||| DRINKING 4 potions of heal wounds.
  9550 | D:10     | Killed Fannar
  9942 | D:10     | 9942 ||| PLANNING LAIR
  9942 | D:10     | 9942 ||| READING 3 scrolls of identify.
  9942 | D:10     | 9942 ||| IDENTIFYING inky potion
  9943 | D:10     | 9943 ||| READING 2 scrolls of identify.
  9943 | D:10     | 9943 ||| IDENTIFYING red potion
  9944 | D:10     | 9944 ||| DROPPING potion of ambrosia.
 10035 | Lair:1   | Entered Level 1 of the Lair of Beasts
 10049 | Lair:1   | 10049 ||| Stepping ~*~*~tactically~*~*~ (stealth).
 10113 | Lair:1   | 10113 ||| INVOKING Berserk.
 10262 | Lair:1   | Identified the +0 robe "Etygeaba" {rPois Regen+ rCorr
                  | Slay-2}
 10268 | Lair:1   | 10268 ||| Stepping ~*~*~tactically~*~*~ (hiding).
 10385 | Lair:1   | 10385 ||| INVOKING Berserk.
 10445 | Lair:1   | 10445 ||| Stepping ~*~*~tactically~*~*~ (stealth).
 10450 | Lair:1   | 10450 ||| Stepping ~*~*~tactically~*~*~ (stealth).
 10520 | Lair:1   | 10520 ||| INVOKING Berserk.
 10525 | Lair:1   | Reached skill level 12 in Shields
 10636 | Lair:1   | 10636 ||| DROPPING +2 mace of protection.
 10985 | Lair:1   | 10985 ||| READING 2 scrolls of identify.
 10985 | Lair:1   | 10985 ||| IDENTIFYING lumpy red potion
 10986 | Lair:1   | 10986 ||| DROPPING potion of invisibility.
 11013 | Lair:2   | 11013 ||| INVOKING Berserk.
 11024 | Lair:2   | 11024 ||| FLEEEEING.
 11025 | Lair:2   | 11025 ||| FLEEEEING.
 11026 | Lair:2   | 11026 ||| STAIRDANCE
 11130 | Lair:2   | 11130 ||| INVOKING Berserk.
 11136 | Lair:2   | 11136 ||| STAIRDANCE
 11449 | Lair:2   | 11449 ||| INVOKING Berserk.
 11580 | Lair:2   | Reached skill level 3 in Throwing
 11643 | Lair:2   | 11643 ||| INVOKING Berserk.
 11844 | Lair:2   | 11844 ||| INVOKING Berserk.
 11995 | Lair:2   | 11995 ||| INVOKING Berserk.
 12009 | Lair:2   | HP: 13/94 [electric eel/bolt of electricity (14)]
 12010 | Lair:2   | 12010 ||| READING scroll of teleportation.
 12010 | Lair:2   | Killed from afar by an electric eel

Levels and vault maps discovered:
D:1:      saegor_arrival_simple_d, layout_basic,
          ebering_ecumenical_altar_abandoned
D:2:      layout_rooms, chequers_serial_rivers_micro_c, uniq_robin
D:3:      layout_loops_ring, grunt_dithmenos_smoke_and_mirrors,
          grunt_ministairs_6, kennysheep_pointless_box, serial_park_tiny_1
D:4:      layout_loops_ring, kennysheep_mini_moat
D:5:      layout_gridville, minmay_temple_entry_steel_oval,
          portal_sewer_entry_e, hellmonk_bongcloud_opening
D:6:      layout_basic, minmay_diced_spiral, uniq_duvessa
D:7:      layout_rooms, lightli_temple_of_fire, uniq_maggie, uniq_prince_ribbit1
D:8:      layout_loops_ring, kennysheep_cross_bottleneck, uniq_joseph
D:9:      layout_stronghold, minmay_orc_entry_guard_dogs,
          onia_ninara_dug_in_and_dangerous
D:10:     layout_roguey, erik_lair_dragon, eino_small_chamber_without_monster,
          kennysheep_nub, uniq_fannar
Lair:1:   layout_chaotic_city, chequers_serial_rivers_small_a
Lair:2:   layout_chaotic_city, minmay_shoals_entry_hut, serial_rivers,
          chequers_serial_rivers_micro_b, chequers_serial_rivers_micro_e,
          chequers_serial_rivers_micro_d, chequers_serial_rivers_micro_c,
          chequers_serial_rivers_large_b, chequers_serial_rivers_micro_c

Skill      XL: |  1  2  3  4  5  6  7  8  9 10 11 |
---------------+----------------------------------+-----
Axes           | 4 5 6 7 8 9 10 12 13 14 | 14.2
Fighting       | 4 5 7 8 |  8.2
Armour         | 3 4 7 |  7.5
Throwing       | 2 3 |  3.2
Dodging        | 4 |  4.1
Shields        | 9 13 | 13.5

Action                   |  1- 3 |  4- 6 |  7- 9 | 10-12 || total
-------------------------+-------+-------+-------+-------++-------
Melee: Hand axe          |    41 |   105 |    61 |       ||   207
       Headbutt          |     5 |    14 |    26 |    26 ||    71
       Punch             |       |       |     1 |       ||     1
       War axe           |       |       |    41 |       ||    41
       Broad axe         |       |       |    27 |   192 ||   219
Throw: Boomerang         |    37 |    44 |    38 |    36 ||   155
       Javelin           |       |       |       |    12 ||    12
Invok: Berserk           |     1 |     1 |     7 |    17 ||    26
  Use: Scroll            |     4 |     6 |     7 |     9 ||    26
       Potion            |     1 |     1 |     2 |     1 ||     5
Armor: Chain mail        |    13 |    40 |    35 |       ||    88
       Plate armour      |       |       |     9 |    75 ||    84
Dodge: Dodged            |    14 |    35 |    26 |    45 ||   120
Block: Tower shield      |       |       |       |   136 ||   136

Table legend:
 A = Non-vault XP
 B = Vault XP
 C = Vault XP percentage of total XP
 D = Non-vault monster count
 E = Vault monster count
 F = Vault count percentage of total count
                 A         B        C        D         E       F
            +---------+---------+-------+---------+---------+-------
      Total |   14737 |    4086 |  21.7 |     184 |      34 |  15.6
            +---------+---------+-------+---------+---------+-------
        D:1 |      28 |       0 |   0.0 |      15 |       0 |   0.0
        D:2 |      47 |      29 |  38.2 |      14 |       9 |  39.1
        D:3 |     160 |      15 |   8.6 |      17 |       2 |  10.5
        D:4 |      60 |       0 |   0.0 |      13 |       0 |   0.0
        D:5 |    1584 |      11 |   0.7 |      20 |       7 |  25.9
        D:6 |     552 |     385 |  41.1 |      16 |       5 |  23.8
        D:7 |     596 |     663 |  52.7 |      13 |       2 |  13.3
        D:8 |    2141 |     445 |  17.2 |      16 |       1 |   5.9
        D:9 |    2178 |     509 |  18.9 |      11 |       3 |  21.4
       D:10 |    1222 |    2029 |  62.4 |      15 |       5 |  25.0
     Lair:1 |    3210 |       0 |   0.0 |      18 |       0 |   0.0
     Lair:2 |    2959 |       0 |   0.0 |      16 |       0 |   0.0
            +---------+---------+-------+---------+---------+-------
